 Dungeon Crawl Stone Soup version 0.29.0-13-gc9e81de378 (webtiles) character file.

Game seed: 12260858226316982327

236 Ashen the Chiller (level 5, 38/38 HPs)
             Began as a Demonspawn Ice Elementalist on Sept 7, 2022.
             Got out of the dungeon alive.
             The game lasted 00:06:43 (3407 turns).

Ashen the Chiller (Demonspawn Ice Elementalist)     Turns: 3407, Time: 00:06:44

Health: 38/38      AC:  4    Str:  8    XL:     5   Next: 77%
Magic:  9/9        EV: 12    Int: 21    God:
Gold:   219        SH:  0    Dex: 13    Spells: 3/10 levels left

rFire   . . .      SeeInvis .   d - +0 rapier
rCold   + . .      Faith    .   (no shield)
rNeg    . . .      Spirit   .   a - +0 robe
rPois   .          Reflect  .   f - +1 helmet of Thoughtfulness {rC+ Int+2}
rElec   .          Harm     .   (no cloak)
rCorr   .          Rampage  .   (no gloves)
Will    .....                   (no boots)
Stlth   ++........              (no amulet)
HPRegen 0.12/turn               g - ring of flight
MPRegen 0.11/turn               (no ring)

@: flying
A: ignite blood 1, powered by death 1, weakness stinger 1
a: no special abilities


You escaped.
You visited 1 branch of the dungeon, and saw 3 of its levels.

You collected 219 gold pieces.

Inventory:

Hand Weapons
 d - a +0 rapier (weapon)
 k - the +6 scimitar "Bihowneh" {antimagic, rPois rC+ Dex+2 Stlth+}
   (You found it on level 2 of the Dungeon)

   It reduces the magical energy of the wielder, and disrupts the spells and
   magical abilities of those it strikes.
   Natural abilities and divine invocations are not affected.
   Dex:       It affects your dexterity (+2).
   rC:        It protects you from cold.
   rPois:     It protects you from poison.
   Stlth:     It makes you more stealthy.
Armour
 a - a +0 robe (worn)
 f - the +1 helmet of Thoughtfulness (worn) {rC+ Int+2}
   (You acquired it on level 2 of the Dungeon)

   Int:       It affects your intelligence (+2).
   rC:        It protects you from cold.
Magical Staves
 j - a staff of air
Jewellery
 g - a ring of flight (left hand)
Scrolls
 c - 4 scrolls of teleportation
 h - a scroll of blinking
 i - a scroll of noise {unknown}
 l - a scroll of identify {unknown}
Potions
 b - a potion of lignification {unknown}
 e - 2 potions of brilliance {unknown}
 m - a potion of curing {unknown}
 n - a potion of might {unknown}


   Skills:
 + Level 2.3 Fighting
 + Level 2.9 Dodging
 + Level 3.1 Stealth
 + Level 3.0 Spellcasting
 + Level 4.3 Ice Magic


You had 3 spell levels left.
You knew the following spells:

 Your Spells              Type           Power      Damage    Failure   Level
a - Freeze                Ice            84%        1d10      2%          1
b - Frozen Ramparts       Ice            42%        1d7       7%          3
c - Ozocubu's Armour      Ice            21%        N/A       7%          3

Your spell library contained the following spells:

 Spells                   Type           Power      Damage    Failure   Level
 Beastly Appendage        Tmut           6%         N/A       13%         1
 Summon Small Mammal      Summ           12%        N/A       13%         1
 Wereblood                Tmut           3%         N/A       21%         2
 Call Canine Familiar     Summ           3%         N/A       36%         3
 Gell's Gravitas          Tloc           3%         N/A       36%         3
 Lesser Beckoning         Tloc           3%         N/A       36%         3
 Spider Form              Tmut/Pois      3%         N/A       36%         3
 Summon Guardian Golem    Hex/Summ       3%         N/A       36%         3
 Teleport Other           Tloc           3%         N/A       36%         3
 Hailstorm                Conj/Ice       12%        3d5       47%         4


Dungeon Overview and Level Annotations

Branches:
Dungeon (3/15)

Altars:


Innate Abilities, Weirdness & Mutations

Your demonic aura sometimes causes spilled blood to erupt in flames.
You regenerate a little health from kills.
You have a small tail.


Message History

You hit the jackal.
You kill the jackal!
The jackal bites you but does no damage.
The jackal barely misses you.
Casting: Freeze (safe; 2% risk of failure)
Confirm with . or Enter, or press ? or * to list all spells.
Aiming: Freeze (safe; 2% risk of failure)
Press: ? - help, Shift-Dir - straight line, f - jackal
Aim: a jackal You freeze the jackal.
The jackal is moderately wounded.
The jackal closely misses you.
Casting: Freeze (safe; 2% risk of failure)
Confirm with . or Enter, or press ? or * to list all spells.
Aiming: Freeze (safe; 2% risk of failure)
Press: ? - help, Shift-Dir - straight line, f/p - jackal
Aim: a jackal (moderately wounded)
You freeze the jackal.
You kill the jackal!
Casting: Freeze (safe; 2% risk of failure)
Confirm with . or Enter, or press ? or * to list all spells.
You can't see any susceptible monsters within range! (Use Z to cast anyway.)
You reach down and open the door.
There is an open door here.
You reach down and open the door.
There is an open door here.
You see here a +0 mace.
Things that are here:
a +0 whip; a +0 leather armour; a +0 hand axe
There is an open door here.
There is an open door here.
There is a stone staircase leading up here.
You fly upwards.
There is a stone staircase leading down here.
There is a stone staircase leading up here.
You fly upwards.
There is a stone staircase leading down here.
There is a staircase leading out of the dungeon here.
Are you sure you want to leave the Dungeon?
This will make you lose the game!
You have escaped!

####...######..#######..#...####
###.................##..##
########..##...............##
..............#######.#######
.######...#####.............#####
## #..###.......#######.......#
## ##.##......###.......###..)..
§####..#....###.............###..
§§....##...#....@.#######......#.
§###..#...#.....### ###.....#
#§....#...#....## ##....#
.>##.>#...#....## ##....#
......#...#.....### ###.....#
.#....##...#......#######......#.
##.#...#....###.............###..
#..#...##......###.......###.....
#.##....###.......#######.......#


There were no monsters in sight!

Vanquished Creatures
  An orc priest (D:3)
  Jessica (D:2)
  An iguana (D:3)
  Natasha (thrice) (D:2)
  2 adders
  3 worms
  5 orcs (D:3)
  4 ball pythons
  5 bats
  3 endoplasms
  2 giant cockroaches (D:1)
  4 goblins
  4 hobgoblins
  5 jackals
  3 kobolds
  2 quokkas (D:1)
  A frilled lizard (D:2)
  3 rats
52 creatures vanquished.

Notes
Turn   | Place    | Note
-------+----------+-------------------------------------------
     0 | D:1      | Ashen the Demonspawn Ice Elementalist began the quest for
                  | the Orb.
     0 | D:1      | Reached XP level 1. HP: 13/13 MP: 3/3
   106 | D:1      | Found a faded altar of an unknown god.
   280 | D:1      | Gained mutation: Your demonic aura sometimes causes spilled
                  | blood to erupt in flames. [demonic ancestry]
   280 | D:1      | Reached XP level 2. HP: 18/20 MP: 5/5
   908 | D:2      | Noticed Jessica
   912 | D:2      | Killed Jessica
   913 | D:2      | Reached skill level 1 in Fighting
   913 | D:2      | Reached XP level 3. HP: 26/26 MP: 6/6
  1268 | D:2      | Noticed Natasha
  1289 | D:2      | Killed Natasha
  1290 | D:2      | Gained mutation: You regenerate a little health from kills.
                  | [demonic ancestry]
  1290 | D:2      | Reached XP level 4. HP: 9/32 MP: 3/7
  1558 | D:2      | Identified the +6 scimitar "Bihowneh" {antimagic, rPois rC+
                  | Dex+2 Stlth+}
  1655 | D:2      | Noticed Natasha
  1662 | D:2      | Killed Natasha
  1663 | D:2      | Reached skill level 4 in Ice Magic
  1675 | D:2      | Noticed Natasha
  1688 | D:2      | Killed Natasha
  1966 | D:2      | Gained mutation: You have a small tail. [demonic ancestry]
  1966 | D:2      | Reached XP level 5. HP: 25/38 MP: 5/9
  1988 | D:1      | Learned a level 3 spell: Frozen Ramparts
  1992 | D:1      | Learned a level 3 spell: Ozocubu's Armour
  2554 | D:2      | Identified a scroll of acquirement
  2554 | D:2      | Acquired the +1 helmet of Thoughtfulness {rC+ Int+2}
  3407 | D:$      | Got out of the dungeon alive.

Illustrated notes

Levels and vault maps discovered:
D:1:      dpeg_arrival_oval, layout_rooms, ebering_ecumenical_altar_mist,
          hex_intersection, nicolae_figureground_pulse
D:2:      layout_rooms, st_stairs_9, uniq_jessica, uniq_natasha
D:3:      layout_basic, minivault_11

Skill      XL: |  1  2  3  4  5 |
---------------+----------------+-----
Stealth        | 2 3 |  3.1
Dodging        | 2 |  2.9
Fighting       | 1 2 |  2.3
Ice Magic      | 4 |  4.3
Spellcasting   | 3 |  3.0

Action                   |  1- 3 |  4- 6 || total
-------------------------+-------+-------++-------
Melee: Rapier            |    45 |    49 ||    94
       Unarmed           |     1 |       ||     1
       Punch             |     1 |     1 ||     2
       Tailslap          |       |     5 ||     5
 Cast: Freeze            |    11 |    25 ||    36
       Ozocubu's Armour  |       |     2 ||     2
       Frozen Ramparts   |       |     1 ||     1
  Use: Potion            |       |     1 ||     1
       Scroll            |       |     6 ||     6
 Stab: Sleeping          |     6 |     3 ||     9
Armor: Robe              |     8 |    13 ||    21
Dodge: Dodged            |    41 |    44 ||    85
